 Dungeon Crawl Stone Soup version 0.30.1-3-gfc49f6343a (webtiles) character file.

Game seed: 5040178130356851770

9 zfabert001 the Sneak (level 2, -1/28 HPs)
             Began as a Naga Delver on Aug 2, 2023.
             Slain by a scorpion (5 damage)
             ... on level 5 of the Dungeon.
             The game lasted 00:04:28 (386 turns).

zfabert001 the Sneak (Naga Delver)                   Turns: 386, Time: 00:04:28

Health: -1/28      AC:  2    Str: 14    XL:     2   Next: 16%
Magic:  2/2        EV:  9    Int: 10    God:
Gold:   18         SH:  0    Dex: 12    Spells: 1/1 levels left

rFire   . . .        a - +0 short sword
rCold   . . .        (no shield)
rNeg    . . .        b - +0 leather armour
rPois   +            (no helmet)
rElec   .            (no cloak)
rCorr   .            (no gloves)
SInv    +            (no barding)
Will    .....        (no amulet)
Stlth   +++          (no ring)
HPRegen 0.24/turn    (no ring)
MPRegen 0.08/turn

%: no passive effects
@: short of breath, hasted, quick
A: AC +0, large, see invisible, deformed body, poison resistance, slowness 2,
spit poison 1, naga tail 1
a: Spit Poison


You were on level 5 of the Dungeon.
You visited 1 branch of the dungeon, and saw 2 of its levels.

You collected 18 gold pieces.

Inventory:

Hand Weapons
 a - a +0 short sword (weapon)
Missiles
 h - 3 boomerangs (quivered)
Armour
 b - a +0 leather armour (worn)
Wands
 g - a wand of digging (3)
Scrolls
 c - a scroll of fog
 d - a scroll of magic mapping
 e - a scroll of fear
 i - a scroll of poison {unknown}


   Skills:
 + Level 3.1 Fighting
 + Level 2.0 Short Blades
 + Level 1.5 Dodging
 + Level 7.8 Stealth


You had one spell level left.
You didn't know any spells.
Your spell library was empty.

Dungeon Overview and Level Annotations

Branches:
Dungeon (5/15)
 Temple: D:4-7

Altars:


Innate Abilities, Weirdness & Mutations

Your serpentine skin is tough. (AC +0)
You have supernaturally acute eyesight. (SInv)
Armour fits poorly on your strangely shaped body.
Your system is resistant to poisons. (rPois)
You cover ground very slowly.
You can spit poison.
You have a snake-like lower body.


Message History

Aim: a scorpion (57% to hit)
You throw a boomerang.
The boomerang barely misses the scorpion.
Throw: 3 boomerangs
Press: ? - help, Q - select action, (/) - cycle Shift-Dir - straight line, f/p - scorpion
Aim: a scorpion (57% to hit)
You throw a boomerang. The boomerang hits the scorpion.
The scorpion is moderately wounded.
You closely miss the scorpion.
The scorpion is moderately wounded.
The scorpion closely misses you. The scorpion misses you.
You barely miss the scorpion.
The scorpion is moderately wounded.
The scorpion stings you.
You closely miss the scorpion.
The scorpion is moderately wounded.
You have got your breath back.
The scorpion misses you.
Aiming: Spit Poison (2% risk of failure)
Press: ? - help, Shift-Dir - straight line, f/p - scorpion
Aim: a scorpion (moderately wounded, 59% to hit)
The splash of poison hits the scorpion but does no damage.
The scorpion is poisoned.
The scorpion is moderately wounded.
The scorpion stings you.
You barely miss the scorpion.
The scorpion is moderately wounded.
The scorpion barely misses you.
You hit the scorpion but do no damage.
The scorpion is heavily wounded.
The scorpion stings you!
You feel yourself speed up. The scorpion barely misses you.
You hit the scorpion but do no damage.
The scorpion is heavily wounded.
The scorpion stings you.
* * * LOW HITPOINT WARNING * * *
You hit the scorpion.
The scorpion is severely wounded.
The scorpion stings you.
You die...

###############
#..............
#..............
#..............
#..............
#...........#
#....(s.....#
###....@......#
#......########
#......#
#......###
#........#
#........#######
#.......>.......
#......#....####
#......#....#
#...


You could see a scorpion (poisoned).

Vanquished Creatures
  2 orcs
  A ball python (D:4)
  2 jackals (D:5)
  A quokka (D:4)
6 creatures vanquished.

Notes
Turn   | Place    | Note
-------+----------+-------------------------------------------
     0 | D:5      | zfabert001 the Naga Delver began the quest for the Orb.
     0 | D:5      | Reached XP level 1. HP: 21/21 MP: 1/1
    30 | D:5      | Noticed a scorpion
    39 | D:5      | Noticed a black bear
    74 | D:4      | Noticed an ogre
   137 | D:4      | HP: 1/21 [quokka (5)]
   236 | D:4      | Noticed a jelly
   245 | D:5      | Reached XP level 2. HP: 18/28 MP: 2/2
   386 | D:5      | Slain by a scorpion

Illustrated notes

Levels and vault maps discovered:
D:4:      layout_basic, hangedman_decor_lopped, grunt_decor_resistance
D:5:      layout_basic, serial_shops, shop_statue

Action                     || total
---------------------------++-------
  Melee: Short sword       ||    34
  Throw: Stone             ||     4
         Boomerang         ||     3
Ability: Spit Poison       ||     9
    Use: Potion            ||     1
 Armour: Leather armour    ||     3
  Dodge: Dodged            ||    18
